 Dungeon Sprint DCSS version 0.29.1-2-gbd0b4ee654 (webtiles) character file.

Game seed: 7650533844966719964

6681 Groucho the Unseen (level 10, 0/51 HPs)
             Began as a Spriggan Enchanter on Nov 5, 2022.
             Was a High Priest of Dithmenos.
             Killed from afar by a hell hog (35 damage)
             ... with a fireball
             ... in the Dungeon (Sprint II: "The Violet Keep of Menkaure").
             The game lasted 00:07:25 (1037 turns).

Groucho the Unseen (Spriggan Enchanter)             Turns: 1037, Time: 00:07:25

Health: 0/51       AC:  3    Str:  6    XL:     10   Next: 73%
Magic:  18/27      EV: 25    Int: 18    God:    Dithmenos [*****.]
Gold:   412        SH:  0    Dex: 15    Spells: 17/33 levels left

rFire   . . .      SeeInvis +   a - +1 dagger
rCold   . . .      Faith    .   (no shield)
rNeg    + . .      Spirit   .   j - +1 robe of Zazxit {rPois rN+ Will- Regen+}
rPois   +          Reflect  .   (helmet restricted)
rElec   .          Harm     .   d - scarf {+Inv}
rCorr   .          Rampage  .   (gloves unavailable)
Will    .....      NoTele   +   (boots unavailable) Stlth *+++++++++
                                (no amulet)
HPRegen 0.97/turn               f - ring of flight
MPRegen 0.20/turn               (no ring)

@: flying, wreathed by umbra, very quick
A: very small, no large weapons, unfitting armour, see invisible, speed 3, weak
1
a: Renounce Religion, Evoke Invisibility, Shadow Step, Shadow Form


You were in the Dungeon.
You worshipped Dithmenos.
Dithmenos was extremely pleased with you.
You visited 1 branch You collected 1296 gold pieces.
You spent 884 gold pieces at shops.

Inventory:

Hand Weapons
 a - a +1 dagger (weapon)
Armour
 d - a scarf of invisibility (worn)
 h - a +1 cloak of willpower
 j - the +1 robe of Zazxit (worn) {rPois rN+ Will- Regen+}
   (You bought it in a shop in the Dungeon)

   rPois:     It protects you from poison.
   rN:        It protects you from negative energy.
   Regen:     It increases your rate of health regeneration.
   Will:      It decreases your willpower.
Jewellery
 f - a ring of flight (left hand)
Scrolls
 i - a scroll of blinking
Potions
 e - a potion of heal wounds
 g - 2 potions of magic


   Skills:
 + Level 5.1 Fighting
 + Level 11.4 Short Blades
 + Level 13.2 Dodging
 - Level 18.0 Stealth
 + Level 12.2 Spellcasting
 + Level 4.7 Conjurations
 + Level 12.8 Hexes
 * Level 10.7 Evocations


You had 17 spell levels left.
You knew the following spells:

 Your Spells              Type           Power      Damage    Failure   Level
a - Ensorcelled Hibernat  Hex/Ice        68%        N/A       1%          2
b - Confusing Touch       Hex            55%        N/A       1%          3
c - Dazzling Flash        Conj/Hex       84%        N/A       1%          3
d - Tukima's Dance        Hex            55%        N/A       1%          3
e - Passwall              Tmut/Erth      9%         N/A       10%         2
f - Stone Arrow           Conj/Erth      38%        3d9       7%          3

Your spell library contained the following spells:

 Spells                   Type           Power      Damage    Failure   Level
 Sandblast                Erth           22%        2d7       6%          1
 Metabolic Englaciation   Hex/Ice        17%        N/A       13%         5
 Ozocubu's Armour         Ice            11%        N/A       19%         3
 Simulacrum               Ice/Necr       5%         N/A       100%        6


Dungeon Overview and Level Annotations

Branches:
Dungeon (1/1)

Altars:
Cheibriados
Dithmenos
Elyvilon
Fedhas
Gozag
Hepliaklqana
Kikubaaqudgha
Makhleb
Nemelex Xobeh
Okawaru
Qazlal
Ru
Sif Muna
Trog
Uskayaw
Vehumet
Wu Jian
Xom
Yredelemnul
Zin
The Shining One
Jiyva
Lugonu

Shops:
D [?:!!:(*!?=:[?=

Annotations:
D exclusions: oklob plant and orange crystal statue


Innate Abilities, Weirdness & Mutations

You are very small and have problems with some larger weapons.
You are too small for most types of armour.
You have supernaturally acute eyesight. (SInv)
You cover ground extremely quickly. (Speed+++)
You are weak. (Str -2)


Message History

You kill the water moccasin!
Dithmenos accepts your kill.
You start resting.
A water moccasin is nearby!
Unknown command.
You start resting.
Magic restored.
Your magical contamination has completely faded away.
You start resting.
A hell hog is nearby!
Casting: Ensorcelled Hibernation (safe; 1% risk of failure)
Confirm with . or Enter, or press ? or * to list all spells.
Aiming: Ensorcelled Hibernation (safe; 1% risk of failure)
Press: ? - help, Shift-Dir - straight line, f - hell hog
Aim: a hell hog (wandering, hasn't noticed you, umbra, chance to affect: 45%)
The hell hog squeals angrily.
The hell hog looks drowsy...
Aiming: Shadow Step
Press: ? - help, Dir - move target, f/p - hell hog
Aim: a hell hog (asleep, umbra)
You step into the hell hog's shadow.
The ice dragon roars deafeningly!
The water moccasin hisses angrily.
The hell hog squeals angrily.
The hell hog misses you.
Unknown command.
Casting: Ensorcelled Hibernation (safe; 1% risk of failure)
Confirm with . or Enter, or press ? or * to list all spells.
Your hands begin to glow red.
The hell hog misses you.
You hit the hell hog but do no damage.
The hell hog appears confused.
The hell hog bites you!
The hell hog bites itself!
You strike the helpless hell hog from behind!
You spit the hell hog like the proverbial pig!!!
The hell hog is almost dead.
Your shadow barely misses the hell hog.
The hell hog breathes fire at you.
The fireball explodes!
The fireball engulfs the hell hog.
The hell hog completely resists.
The fireball engulfs the fire dragon.
The fire dragon resists.
The fireball engulfs you!!
Ouch! That really hurt!
You die...

#)}!}# ###}!h}##▓ #$§Sh§.h.▓
#($§§$$.)▓ ##⌠†§$.#+▓ ##[S.S#
##hh## ##≈...### # #)≈..Dh@#
#+++# ####†...# .... #..'....#
~.##+##..#.†####.#
~##.#.##.####..'.### ~#†.#.†#
...#†.#...####
####.#####..#####..##)# !))
.###'###.##..#..'^.#.†#▓??[$$
..##.##.).#..#.[#..#..#▓$)!$(!


You could see a fire dragon, 2 hell hogs, a polar bear and a water moccasin.

Vanquished Creatures
  A deep elf master archer (D)
  A death yak (D)
  3 manticores (D)
  A merfolk siren (D)
  2 cane toads (D)
  A yaktaur (D)
  4 polar bears (D)
  A hornet (D)
  3 yaks (D)
  4 neqoxecs (D)
  Menkaure (D)
  3 water moccasins (D)
  4 necrophages (D)
  4 scorpions (D)
33 creatures vanquished.

Notes
Turn   | Place    | Note
-------+----------+-------------------------------------------
     0 | D        | Groucho the Spriggan Enchanter began the quest for the Orb.
     0 | D        | Reached XP level 1. HP: 9/9 MP: 5/5
     1 | D        | Noticed a necrophage
     1 | D        | Noticed a necrophage
     1 | D        | Noticed a necrophage
     1 | D        | Noticed a necrophage
     5 | D        | Killed a necrophage
     6 | D        | Reached skill level 5 in Dodging
     6 | D        | Reached skill level 6 in Stealth
     6 | D        | Reached skill level 5 in Hexes
     6 | D        | Reached XP level 2. HP: 13/13 MP: 5/8
     6 | D        | Reached XP level 3. HP: 16/16 MP: 6/10
    15 | D        | Killed a necrophage
    16 | D        | Reached skill level 8 in Stealth
    16 | D        | Reached skill level 5 in Spellcasting
    16 | D        | Reached XP level 4. HP: 19/21 MP: 6/12
    21 | D        | Killed a necrophage
    22 | D        | Reached skill level 5 in Short Blades
    22 | D        | Reached XP level 5. HP: 22/24 MP: 7/14
    31 | D        | Reached skill level 9 in Stealth
    37 | D        | Reached skill level 10 in Stealth
    37 | D        | Reached XP level 6. HP: 11/28 MP: 9/17
    43 | D        | Reached skill level 11 in Stealth
    51 | D        | Learned a level 2 spell: Ensorcelled Hibernation
    55 | D        | Learned a level 3 spell: Confusing Touch
    59 | D        | Learned a level 3 spell: Dazzling Flash
    63 | D        | Learned a level 3 spell: Tukima's Dance
   292 | D        | Noticed a merfolk siren
   301 | D        | Killed a merfolk siren
   302 | D        | Reached skill level 10 in Dodging
   302 | D        | Reached skill level 12 in Stealth
   302 | D        | Reached XP level 7. HP: 32/32 MP: 10/20
   315 | D        | Noticed a neqoxec
   319 | D        | Killed a neqoxec
   320 | D        | Reached skill level 10 in Hexes
   320 | D        | Noticed a neqoxec
   320 | D        | Noticed a neqoxec
   323 | D        | Gained mutation: You are weak. (Str -2) [a neqoxec]
   325 | D        | Killed a neqoxec
   326 | D        | Reached skill level 13 in Stealth
   326 | D        | Reached XP level 8. HP: 24/37 MP: 5/22
   329 | D        | Reached skill level 1 in Fighting
   329 | D        | Reached skill level 1 in Conjurations
   333 | D        | Reached skill level 10 in Spellcasting
   640 | D        | Noticed an orange crystal statue
   657 | D        | Found Xeuk's Distillery.
   657 | D        | Found Igrekaso's Jewellery Emporium.
   657 | D        | Found Riqedykk's Antique Armour Emporium.
   657 | D        | Found Zetuahaq's General Store.
   657 | D        | Found Icotonka's Magic Scroll Shoppe.
   658 | D        | Found Seill's Jewellery Emporium.
   658 | D        | Found Puucufun's Book Shoppe.
   658 | D        | Found Yhuzuyg's Magic Scroll Shoppe.
   659 | D        | Found Efostrag's Antique Weapon Shoppe.
   659 | D        | Found Udiemuhuegy's Book Emporium.
   665 | D        | Found Zaoxt's Distillery.
   665 | D        | Found Vycio's Distillery.
   665 | D        | Noticed Menkaure
   665 | D        | Noticed an oklob plant
   718 | D        | Killed Menkaure
   721 | D        | Found Uhidghu's Magic Scroll Shoppe.
   721 | D        | Found Keffaan's Book Shoppe.
   721 | D        | Found Guivvedgh's Antique Armour Emporium.
   722 | D        | Noticed an unseen horror
   723 | D        | Noticed an unseen horror
   730 | D        | Bought a scarf of invisibility for 156 gold pieces
   738 | D        | Bought a ring of flight for 227 gold pieces
   746 | D        | Bought a runed cloak for 172 gold pieces
   746 | D        | Bought a heavy robe for 131 gold pieces
   746 | D        | Identified the +1 robe of Zazxit {rPois rN+ Will- Regen+}
                  | (You bought it in a shop in the Dungeon)
   791 | D        | Bought a book of Geomancy for 198 gold pieces
   794 | D        | Learned a level 2 spell: Passwall
   798 | D        | Learned a level 3 spell: Stone Arrow
   823 | D        | Found an iron altar of Okawaru.
   823 | D        | Found an opulent altar of Gozag.
   824 | D        | Found a sparkling altar of Nemelex Xobeh.
   824 | D        | Found a blossoming altar of Fedhas.
   825 | D        | Found a radiant altar of Vehumet.
   825 | D        | Found a burning altar of Makhleb.
   825 | D        | Found a white marble altar of Elyvilon.
   826 | D        | Found a hide-covered altar of Uskayaw.
   826 | D        | Found a corrupted altar of Lugonu.
   826 | D        | Found a shadowy altar of Dithmenos.
   828 | D        | Found a glowing silver altar of Zin.
   828 | D        | Found a bloodstained altar of Trog.
   828 | D        | Found an ancient bone altar of Kikubaaqudgha.
   829 | D        | Found a basalt altar of Yredelemnul.
   829 | D        | Found a shimmering blue altar of Sif Muna.
   829 | D        | Found a viscous altar of Jiyva.
   830 | D        | Found a shimmering altar of Xom.
   830 | D        | Found a sacrificial altar of Ru.
   832 | D        | Found a glowing golden altar of the Shining One.
   832 | D        | Found an ornate altar of the Wu Jian Council.
   832 | D        | Found a stormy altar of Qazlal.
   832 | D        | Found a snail-covered altar of Cheibriados.
   832 | D        | Found a hazy altar of Hepliaklqana.
   832 | D        | Noticed a hornet
   832 | D        | Noticed a polar bear
   833 | D        | Noticed a yaktaur
   838 | D        | Noticed a flying skull
   838 | D        | Noticed a flying skull
   839 | D        | Became a worshipper of Dithmenos the Shadowed
   848 | D        | Noticed a polar bear
   848 | D        | Noticed a polar bear
   849 | D        | Killed a polar bear
   850 | D        | Reached skill level 14 in Stealth
   850 | D        | Killed a polar bear
   852 | D        | Killed a polar bear
   852 | D        | Reached * piety under Dithmenos
   853 | D        | Reached XP level 9. HP: 43/43 MP: 24/24
   854 | D        | Reached skill level 10 in Short Blades
   854 | D        | Reached skill level 15 in Stealth
   854 | D        | Reached skill level 5 in Evocations
   855 | D        | Killed a yaktaur
   869 | D        | Noticed a death yak
   871 | D        | Killed a death yak
   871 | D        | Reached ** piety under Dithmenos
   885 | D        | Reached skill level 16 in Stealth
   897 | D        | Noticed a deep elf master archer
   902 | D        | Killed a deep elf master archer
   902 | D        | Reached *** piety under Dithmenos
   903 | D        | Reached skill level 17 in Stealth
   903 | D        | Reached XP level 10. HP: 37/51 MP: 24/26
   907 | D        | Noticed a manticore
   907 | D        | Noticed a manticore
   907 | D        | Noticed a manticore
   909 | D        | Killed a manticore
   910 | D        | Killed a manticore
   912 | D        | Killed a manticore
   912 | D        | Reached **** piety under Dithmenos
   988 | D        | Noticed a fire dragon
   988 | D        | Noticed a cane toad
   988 | D        | Noticed a cane toad
   989 | D        | Noticed an ice dragon
   989 | D        | Noticed a hell hog
   989 | D        | Noticed a hell hog
   990 | D        | Killed a cane toad
   991 | D        | Reached skill level 10 in Evocations
   992 | D        | Reached skill level 5 in Fighting
   992 | D        | Reached skill level 18 in Stealth
   993 | D        | Killed a cane toad
   995 | D        | Reached ***** piety under Dithmenos
  1037 | D        | Killed from afar by a hell hog

Illustrated notes

Levels and vault maps discovered:
D:        the_violet_keep_of_menkaure [sprint2_stairs_cluster_1,
          sprint2_shoproom, sprint2_temple, sprint2_basic_supplies,
          sprint2_obstacle_4, sprint2_obstacle_1, sprint2_obstacle_6,
          sprint2_obstacle_7, sprint2_obstacle_3, sprint2_timed_cluster_1,
          sprint2_smallroom_cluster_1, sprint2_smallroom_final_cluster_1,
          sprint2_transparent_cluster_1, sprint2_second_timed_cluster_1,
          sprint2_sniper_area_1, sprint2_heavy_combat_area_1,
          sprint2_mutation_trap_area_1, sprint2_forest_area_1,
          sprint2_light_combat_area_1, sprint2_behind_water_1,
          sprint2_near_end_vault_1]

Skill      XL: |  1  2  3  4  5  6  7  8  9 10 |
---------------+-------------------------------+-----
Short Blades   | 3 4 5 6 8 9 10 11 | 11.4
Dodging        | 5 6 8 10 11 12 13 | 13.2
Stealth        | 6 8 10 12 13 14 17 18 | 18.0
Spellcasting   | 4 5 6 7 9 10 11 12 | 12.2
Hexes          | 5 6 7 9 10 11 12 | 12.8
Fighting       | 2 4 5 |  5.1
Conjurations   | 2 4 |  4.7
Evocations     | 4 9 10 | 10.7

Action                   |  1- 3 |  4- 6 |  7- 9 | 10-12 || total
-------------------------+-------+-------+-------+-------++-------
Melee: Dagger            |    13 |    16 |    23 |    13 ||    65
       Punch             |     1 |       |       |       ||     1
 Cast: Ensorcelled Hiber |       |     3 |     7 |     2 ||    12
       Confusing Touch   |       |     1 |     1 |     1 ||     3
Invok: Shadow Step       |       |       |       |     1 ||     1
 Abil: Evoke Invisibilit |       |       |     1 |     1 ||     2
  Use: Potion            |     1 |     3 |     1 |       ||     5
 Stab: Sleeping          |       |     4 |    15 |     8 ||    27
       Invisible         |       |     1 |       |     2 ||     3
       Confused          |       |     2 |     1 |     1 ||     4
Dodge: Dodged            |     3 |     9 |     5 |     9 ||    26
